 Dungeon Crawl Stone Soup version 0.26.1-11-gd32895ea62 (webtiles) character file.

Game seed: 16473339857962416219

298 Ekaitz the Chiller (level 6, -5/61 HPs)
             Began as an Ogre Ice Elementalist on June 27, 2021.
             Was an Initiate of Okawaru.
             Slain by a wyvern skeleton (10 damage)
             ... on level 4 of the Dungeon.
             The game lasted 00:10:45 (3752 turns).

Ekaitz the Chiller (Ogre Ice Elementalist)          Turns: 3752, Time: 00:10:46

Health: -5/61      AC: 13    Str: 13    XL:     6   Next: 35%
Magic:  8/12       EV: 10    Int: 17    God:    Okawaru [......]
Gold:   245        SH:  0    Dex: 10    Spells: 3/14 levels left

rFire    . . .     SeeInvis .   i - +0 hand axe
rCold    . . .     Faith    .   (no shield)
rNeg     . . .     Spirit   .   a - +0 robe
rPois    +         Reflect  .   (helmet restricted)
rElec    .         Harm     .   (no cloak)
rCorr    .         Rampage  .   (gloves unavailable)
Will     .....                  (boots unavailable)
Stlth    ++........             (no amulet)
HPRegen  0.20/turn              z - ring of poison resistance
MPRegen  0.13/turn              p - +4 ring of protection

@: icy armour
A: large, unfitting armour, tough skin 1
a: Renounce Religion


You were on level 4 of the Dungeon.
You worshipped Okawaru.
Okawaru was noncommittal.
You visited 2 branches of the dungeon, and saw 5 of its levels.

You collected 245 gold pieces.

Inventory:

Hand Weapons
 h - a +0 spear
 i - a +0 hand axe (weapon)
 m - a +0 dagger of holy wrath
 A - a +1 rapier of venom
Missiles
 c - 89 stones
 k - 3 boomerangs
 x - 2 poisoned darts
Armour
 a - a +0 robe (worn)
 E - the +1 helmet of Virchuu {*Drain Str+4 Int+2 Dex+4, unknown}
   (You found it on level 4 of the Dungeon)

   It affects your strength (+4).
   It affects your intelligence (+2).
   It affects your dexterity (+4).
   It causes draining when unequipped.
Jewellery
 g - an uncursed amulet of faith
 l - an uncursed ring of willpower
 p - a +4 ring of protection (right hand)
 z - a ring of poison resistance (left hand)
Wands
 s - a wand of paralysis (9)
 t - a wand of digging (8)
 w - a wand of acid (5)
Scrolls
 b - 2 scrolls of immolation {unknown}
 d - 2 scrolls of remove curse {unknown}
 f - 8 scrolls of identify {unknown}
 o - a scroll of teleportation {unknown}
 u - a scroll of enchant weapon {unknown}
 v - a scroll of fear {unknown}
 y - a scroll of noise {unknown}
Potions
 e - 2 potions of cancellation {unknown}
 j - 3 potions of curing {unknown}
 n - 2 potions of degeneration {unknown}
 q - a potion of lignification {unknown}
 r - 2 potions of might {unknown}
 B - a potion of haste {unknown}
 C - 2 potions of flight {unknown}
 D - 2 potions of resistance {unknown}


   Skills:
 * Level 3.3 Fighting
 + Level 1.8 Dodging
 - Level 1.4 Stealth
 + Level 4.5 Spellcasting
 * Level 5.3 Ice Magic


You had 3 spell levels left.
You knew the following spells:

 Your Spells              Type           Power        Failure   Level
a - Freeze                Ice            88%          1%          1
b - Frozen Ramparts       Ice            44%          4%          3
c - Ozocubu's Armour      Ice            22%          4%          3
d - Hailstorm             Conj/Ice       12%          45%         4

Your spell library contained the following spells:

 Spells                   Type           Power        Failure   Level
 Summon Ice Beast         Ice/Summ       12%          45%         4


Dungeon Overview and Level Annotations

Branches:
Dungeon (4/15)             Temple (1/1) D:4

Altars:
Dithmenos
Kikubaaqudgha
Okawaru

Annotations:
D:3 1 exclusion, Grinder


Innate Abilities, Weirdness & Mutations

You are too large for most types of armour.
You have tough skin. (AC +1)


Message History

The wyvern skeleton barely misses you.
Unknown command.
You barely miss the wyvern skeleton.
The wyvern skeleton is heavily damaged.
The wyvern skeleton bites you.
* * * LOW HITPOINT WARNING * * *
The wyvern skeleton barely misses you.
Unknown command.
You hit the wyvern skeleton.
The wyvern skeleton is severely damaged.
The wyvern skeleton bites you but does no damage. x2
Unknown command.
You barely miss the wyvern skeleton.
The wyvern skeleton is severely damaged.
The wyvern skeleton bites you but does no damage.
Unknown command.
You hit the wyvern skeleton.
The wyvern skeleton is almost destroyed.
The wyvern skeleton barely misses you. The wyvern skeleton bites you!
You die...

...............#
PP.P..P........#
♣...♣♣♣P..♣♣♣P.#
♣..P♣ ♣...♣ ♣..#
♣...♣♣♣..P♣♣♣..#
.P.PP..P..PP.P.#
...............# ###
.P....PP.P.....##..#
...♣♣♣..P♣♣♣..Z@..+
P.. ♣...♣ ♣......#
P. ♣P..♣ ♣......#
P.....P......#
...........####
##..^.......#
#########


You could see a wyvern skeleton.

Vanquished Creatures
  Duvessa (D:4)
  Dowan (D:4)
  Jessica (D:2)
  4 adders
  An ooze (D:1)
  2 worms
  2 leopard geckos (D:1)
  4 giant cockroaches
  7 goblins
  7 hobgoblins
  7 jackals (D:3)
  9 bats
  5 frilled lizards
  6 kobolds
  4 rats
61 creatures vanquished.

Vanquished Creatures (others)
  8 plants (D:4)
  5 toadstools (D:1)
13 creatures vanquished.

Grand Total: 74 creatures vanquished

Notes
Turn   | Place    | Note
-------+----------+-------------------------------------------
     0 | D:1      | Ekaitz the Ogre Ice Elementalist began the quest for the
                  | Orb.
     0 | D:1      | Reached XP level 1. HP: 16/16 MP: 3/3
   281 | D:1      | Reached XP level 2. HP: 21/24 MP: 0/5
   386 | D:1      | Reached skill level 4 in Ice Magic
   826 | D:1      | Reached XP level 3. HP: 26/32 MP: 1/7
   830 | D:1      | Learned a level 3 spell: Frozen Ramparts
   834 | D:1      | Learned a level 3 spell: Ozocubu's Armour
  1051 | D:1      | Reached skill level 1 in Fighting
  1860 | D:2      | Reached XP level 4. HP: 42/42 MP: 3/8
  2190 | D:2      | Noticed Jessica
  2199 | D:2      | Killed Jessica
  2966 | D:3      | Reached XP level 5. HP: 47/50 MP: 6/10
  3108 | D:3      | Noticed Grinder
  3187 | D:3      | Found an ancient bone altar of Kikubaaqudgha.
  3187 | D:3      | Found a shadowy altar of Dithmenos.
  3197 | D:3      | Learned a level 4 spell: Hailstorm
  3486 | D:4      | Noticed Dowan
  3487 | D:4      | Noticed Duvessa
  3505 | D:4      | Killed Duvessa
  3506 | D:4      | Reached skill level 5 in Ice Magic
  3506 | D:4      | Reached XP level 6. HP: 59/61 MP: 1/12
  3567 | D:4      | Found a staircase to the Ecumenical Temple.
  3575 | Temple   | Entered the Ecumenical Temple
  3600 | Temple   | Became a worshipper of Warmaster Okawaru
  3648 | D:4      | Killed Dowan
  3729 | D:4      | Got an ancient helmet
  3752 | D:4      | Slain by a wyvern skeleton

Illustrated notes

Levels and vault maps discovered:
D:1:      dpeg_arrival_solitude, layout_basic, minmay_gold_behind_fungi
D:2:      layout_basic, uniq_jessica
D:3:      layout_basic, gammafunk_temple_overflow_statue, fountainhead,
          uniq_grinder
D:4:      layout_gridville, minmay_temple_entry_mist, gup_sewer_entry_bubbles,
          kennysheep_boxes, uniq_duvessa
Temple:   regret_index_temple_generic_petals

Skill      XL: |  1  2  3  4  5 |
---------------+----------------+-----
Ice Magic      | 4 5 |  5.3
Fighting       | 1 2 3 |  3.3
Spellcasting   | 3 4 |  4.5
Dodging        | |  1.8
Stealth        | |  1.4

Action                   |  1- 3 |  4- 6 || total
-------------------------+-------+-------++-------
Melee: Hand axe          |       |    13 ||    13
Throw: Stone             |     2 |     2 ||     4
       Dart              |       |     2 ||     2
 Cast: Freeze            |    40 |    26 ||    66
       Frozen Ramparts   |     8 |    18 ||    26
       Ozocubu's Armour  |     1 |     3 ||     4
Armor: Robe              |    15 |    14 ||    29
Dodge: Dodged            |    18 |    30 ||    48
